 Dungeon Crawl Stone Soup version 0.31-a0-208-gdb31a4691d (webtiles) character file.

Game seed: 7381524228666155063

1322 porpoise the Skirmisher (level 8, 0/50 HPs)
             Began as a Tengu Hunter on June 29, 2023.
             Succumbed to a kobold brigand's curare-tipped dart
             ... on level 5 of the Dungeon.
             The game lasted 00:12:03 (4541 turns).

porpoise the Skirmisher (Tengu Hunter)              Turns: 4541, Time: 00:12:04

Health: 0/50       AC:  4    Str: 12    XL:     8   Next: 59%
Magic:  9/9        EV: 14    Int: 10    God:
Gold:   274        SH:  0    Dex: 19    Spells: 7/7 levels left

rFire   . . .        b - +5 Force Lance {heavy, knockback}
rCold   . . .        (no shield)
rNeg    . . .        c - +0 leather armour
rPois   .            (helmet restricted)
rElec   .            (no cloak)
rCorr   .            w - +0 pair of gloves
SInv    .            (boots unavailable)
Will    .....        (no amulet)
Stlth   +++          (no ring)
HPRegen 0.28/turn    (no ring)
MPRegen 0.11/turn

%: no passive effects
@: lethally poisoned (0 -> -27), flying quickly and evasively, slowed, very slow
A: beak, talons 3, nimble flight
a: no special abilities


You were on level 5 of the Dungeon.
You visited 1 branch of the dungeon, and saw 6 of its levels.

You collected 274 gold pieces.

Inventory:

Hand Weapons
 a - a +0 shortbow
 b - the +5 Force Lance (weapon) {heavy, knockback}
   (You found it on level 4 of the Dungeon)
 k - a +0 dagger
Missiles
 y - 2 boomerangs
Armour
 c - a +0 leather armour (worn)
 w - a +0 pair of gloves (worn)
Jewellery
 f - a ring of ice
Wands
 n - a wand of paralysis (5)
Scrolls
 d - a scroll of teleportation {unknown}
 e - a scroll of butterflies
 g - a scroll of fog
 p - a scroll of enchant weapon {unknown}
 r - a scroll of amnesia {unknown}
 s - a scroll of poison
 t - a scroll of summoning {unknown}
 x - a scroll of fear {unknown}
Potions
 h - 3 potions of berserk rage
 i - a potion of enlightenment
 j - 2 potions of invisibility
 l - a potion of cancellation {unknown}
 m - 5 potions of curing
 o - 3 potions of heal wounds
 q - a potion of resistance {unknown}
 u - 2 potions of haste {unknown}
 v - a potion of might {unknown}


   Skills:
 + Level 5.6 Fighting
 * Level 9.2 Ranged Weapons
 - Level 2.1 Dodging
 - Level 5.0 Stealth


You had 7 spell levels left.
You didn't know any spells.
Your spell library contained the following spells:

 Spells                   Type           Power      Damage    Failure   Level
 Frozen Ramparts          Ice            0%         1d1       82%         3
 Ice Form                 Ice/Tmut       0%         N/A       99%         4
 Summon Ice Beast         Ice/Summ       0%         N/A       99%         4


Dungeon Overview and Level Annotations

Branches:
Dungeon (6/15)
 Temple: D:4-7

Altars:
Gozag
Uskayaw

Shops:
D:3 (   D:5 :

Annotations:
D:4 3 runed translucent doors, Ofeo's ghost, amateur AtRe


Innate Abilities, Weirdness & Mutations

You have a beak for a mouth.
You have claws for feet.
Your magical nature lets you fly swiftly and evasively.


Message History

b - the +5 Force Lance (weapon)
{heavy, knockback} You reach to attack!
You hit the kobold.
You kill the kobold!
You puncture the kobold brigand! Your kick misses the kobold brigand.
The kobold brigand is heavily wounded.
The kobold brigand closely misses you.
The kobold brigand hits you with a +0 short sword.
You hit the kobold brigand but do no damage.
You peck the kobold brigand, but do no damage.
The kobold brigand is heavily wounded.
The kobold brigand hits you with a +0 short sword.
The kobold hits you but does no damage.
The kobold brigand hits you but does no damage.
You puncture the kobold brigand!
The kobold brigand is knocked back by the blow.
The kobold brigand is severely wounded.
The kobold completely misses you.
The kobold brigand hits you with a +0 short sword.
The kobold brigand barely misses you. The kobold barely misses you.
Okay, then.
Unknown command.
The kobold throws a stone.
The stone hits you but does no damage.
The kobold brigand hits you with a +0 short sword. x2
The kobold brigand throws a curare-tipped dart.
The curare-tipped dart hits you.
You are poisoned.
You have difficulty breathing.
You feel yourself slow down.
The kobold throws a stone.
The stone closely misses you.
The kobold brigand throws a curare-tipped dart.
The curare-tipped dart closely misses you.
There is a stone staircase leading up here.
You feel very sick.
The kobold brigand throws a curare-tipped dart.
The curare-tipped dart hits you.
You are lethally poisoned!
You have difficulty breathing.
* * * LOW HITPOINT WARNING * * *
You feel as though you will be slow longer.
You fly upwards.
You die...

###########........##############
#........#.............
#..).....#.............
#........'.............
#........#.########.#.#
##.....##### #...... #.....#
#.#.#.# #.....# #...... #....@#
#.#.#.# #.....# #...... #.....#
#.#.#.#
#######.....##########......
#.....##'##............#.#.#
#....†#...#.................
#.....'...#............#.#.#
#.....#...'.......)........#
#.....#####................#


There were no monsters in sight!

Vanquished Creatures
  A black bear (D:5)
  3 ice beasts (D:5)
  2 ogres
  A centaur (D:5)
  3 scorpions
  A howler monkey (D:5)
  A hound (D:5)
  3 orc priests
  4 iguanas
  Natasha (thrice) (D:2)
  An orc wizard (D:6)
  7 adders
  A shadow imp (D:5)
  2 ufetubi (D:4)
  A worm (D:3)
  3 dart slugs
  13 orcs
  7 ball pythons
  5 endoplasms
  4 giant cockroaches
  10 goblins
  4 hobgoblins
  4 quokkas
  4 bats
  A frilled lizard (D:3)
  3 kobolds
  5 rats
97 creatures vanquished.

Notes
Turn   | Place    | Note
-------+----------+-------------------------------------------
     0 | D:1      | porpoise the Tengu Hunter began the quest for the Orb.
     0 | D:1      | Reached XP level 1. HP: 12/12 MP: 2/2
   170 | D:1      | Reached XP level 2. HP: 17/17 MP: 3/3
   848 | D:2      | Noticed Natasha
   856 | D:2      | Killed Natasha
   857 | D:2      | Reached skill level 5 in Ranged Weapons
   857 | D:2      | Reached XP level 3. HP: 5/22 MP: 4/4
   982 | D:2      | Noticed Natasha
   995 | D:2      | Killed Natasha
   996 | D:2      | Reached XP level 4. HP: 7/27 MP: 5/5
  1031 | D:2      | Noticed Natasha
  1036 | D:2      | Killed Natasha
  1150 | D:2      | Found a hide-covered altar of Uskayaw.
  1698 | D:3      | Found Wuti Sus's Weapon Shop.
  1764 | D:3      | Gained mutation: Your magical nature lets you fly swiftly
                  | and evasively. [Tengu growth]
  1764 | D:3      | Reached XP level 5. HP: 32/32 MP: 6/6
  2233 | D:4      | Found the +5 Force Lance {heavy, knockback}
  2440 | D:4      | Reached skill level 6 in Ranged Weapons
  2440 | D:4      | Reached XP level 6. HP: 36/37 MP: 7/7
  2604 | D:4      | Found a runed translucent gate.
  2605 | D:4      | Found a runed translucent gate.
  2605 | D:4      | Found a runed translucent gate.
  2605 | D:4      | Found an opulent altar of Gozag.
  2607 | D:4      | Noticed a water moccasin
  2607 | D:4      | Noticed Ofeo's ghost (amateur AtRe)
  3159 | D:5      | Entered Level 5 of the Dungeon
  3159 | D:5      | Noticed an ice beast
  3167 | D:5      | Killed an ice beast
  3168 | D:5      | Reached skill level 7 in Ranged Weapons
  3168 | D:5      | Reached XP level 7. HP: 5/43 MP: 8/8
  3616 | D:5      | Reached skill level 8 in Ranged Weapons
  3641 | D:5      | Found Vuryll's Tiny Tomes.
  3706 | D:5      | Reached XP level 8. HP: 41/48 MP: 9/9
  3996 | D:5      | Reached skill level 5 in Fighting
  3996 | D:5      | Reached skill level 5 in Stealth
  4402 | D:6      | Reached skill level 9 in Ranged Weapons
  4541 | D:5      | Succumbed to a kobold brigand's curare-tipped dart

Illustrated notes

Levels and vault maps discovered:
D:1:      nicolae_arrival_memento_mori, layout_basic, columned_hall_lemuel
D:2:      layout_loops_ring, basic_altar, uniq_natasha
D:3:      layout_rooms, serial_shops, shop, grunt_ministairs_7
D:4:      layout_loops_cross, ebering_ghost_gozag
D:5:      layout_gridville, st_stairs_11, nicolae_shop_i_like_small_books_too,
          dreamdust_wishing_well
D:6:      cheibrodos_fertilizer, layout_loops_ring

Skill      XL: |  1  2  3  4  5  6  7  8 |
---------------+-------------------------+-----
Ranged Weapons | 5 6 7 8 9 |  9.2
Stealth        | 2 3 4 5 |  5.0
Fighting       | 3 4 5 |  5.6
Dodging        | |  2.1

Action                     |  1- 3 |  4- 6 |  7- 9 || total
---------------------------+-------+-------+-------++-------
  Melee: Lance             |       |    30 |    59 ||    89
         Kick              |       |     3 |     9 ||    12
         Dagger            |       |     1 |       ||     1
         Peck              |       |     3 |     5 ||     8
   Fire: Shortbow          |    61 |    95 |    69 ||   225
  Evoke: Wand              |       |     4 |       ||     4
    Use: Scroll            |       |     6 |     1 ||     7
   Stab: Paralysed         |       |     1 |       ||     1
         Sleeping          |       |     1 |     1 ||     2
 Armour: Leather armour    |     7 |     7 |    14 ||    28
  Dodge: Dodged            |    18 |    62 |    45 ||   125

Table legend: (Time is in decaauts)
 A = Elapsed time spent in this place.
 B = Non-inter-level travel time spent in this place.
 C = Inter-level travel time spent in this place.
 D = Time resting spent in this place.
 E = Time spent auto-exploring this place.
 F = Levels seen in this place.
 G = Mean time per level.
                   A        B        C        D        E       F      G
               +--------+--------+--------+--------+--------+-----+--------+
         Total |   4481 |   4402 |     79 |   1254 |   2484 |   6 |  746.8 |
       Dungeon |   4481 |   4402 |     79 |   1254 |   2484 |   6 |  746.8 |
               +--------+--------+--------+--------+--------+-----+--------+

Top non-repeatable levels by time:
     D:5: 1206 daAuts
     D:4: 1088 daAuts
     D:1: 855 daAuts
     D:2: 791 daAuts
     D:3: 386 daAuts
     D:6: 153 daAuts
